 Dungeon Crawl Stone Soup version 0.29-a0-2-g12fcac58f8 (webtiles) character file.

Game seed: 5823722583664465373

6 croobank the Firebug (level 1, 0/14 HPs)
             Began as a Draconian Fire Elementalist on Jan 26, 2022.
             Frozen to death by an endoplasm (5 damage)
             ... on level 1 of the Dungeon.
             The game lasted 00:00:34 (64 turns).

croobank the Firebug (Draconian Fire Elementalist)    Turns: 64, Time: 00:00:34

Health: 0/14       AC:  4    Str: 10    XL:     1   Next: 75%
Magic:  1/3        EV: 12    Int: 15    God:
Gold:   0          SH:  0    Dex: 11    Spells: 3/4 levels left

rFire   . . .      SeeInvis .   (no weapon)
rCold   . . .      Faith    .   (no shield)
rNeg    . . .      Spirit   .   (armour unavailable)
rPois   .          Reflect  .   (helmet restricted)
rElec   .          Harm     .   (no cloak)
rCorr   .          Rampage  .   (no gloves)
Will    .....                   (no boots)
Stlth   ++........              (no amulet)
HPRegen 0.04/turn               (no ring)
MPRegen 0.08/turn               (no ring)

@: no status effects
A: AC +4, unfitting armour, cold-blooded
a: no special abilities


You were on level 1 of the Dungeon.
You visited 1 branch of the dungeon, and saw 1 of its levels.

Inventory:

Scrolls
 a - a scroll of magic mapping {unknown}


   Skills:
 + Level 1.9 Dodging
 + Level 1.9 Stealth
 + Level 2.1 Spellcasting
 + Level 1.1 Conjurations
 + Level 3.0 Fire Magic


You had 3 spell levels left.
You knew the following spells:

 Your Spells              Type           Power      Damage    Failure   Level
a - Foxfire               Conj/Fire      28%        2x1d5     10%         1

Your spell library contained the following spells:

 Spells                   Type           Power      Damage    Failure   Level
 Scorch                   Fire           20%        2d6       10%         2
 Conjure Flame            Conj/Fire      7%         6-21      28%         3
 Inner Flame              Hex/Fire       6%         N/A       34%         3
 Flame Wave               Conj/Fire      7%         2d5       67%         4


Dungeon Overview and Level Annotations

Branches:
Dungeon (1/15)

Altars:


Innate Abilities, Weirdness & Mutations

Your plain brown scales are hard. (AC +4)
You cannot fit into any form of body armour.
You are cold-blooded and may be slowed by cold attacks.


Message History

The jackal closely misses you. The jackal misses you.
You hit the jackal. You tail-slap the jackal.
You kill the jackal!
You barely miss the jackal.
Your tail-slap misses the jackal.
The jackal barely misses you.
The jackal bites you but does no damage.
You barely miss the jackal.
The jackal bites you but does no damage.
You hit the jackal.
The jackal is moderately wounded.
The jackal bites you. The jackal misses you.
You barely miss the jackal.
The jackal is moderately wounded.
The jackal barely misses you.
You barely miss the jackal.
Your tail-slap misses the jackal.
The jackal is moderately wounded.
The jackal bites you but does no damage.
You barely miss the jackal. You tail-slap the jackal.
The jackal is almost dead.
The jackal completely misses you.
The jackal bites you but does no damage.
You closely miss the jackal.
The jackal is almost dead.
The jackal bites you but does no damage.
You barely miss the jackal.
The jackal is almost dead.
The jackal closely misses you. The jackal barely misses you.
You hit the jackal.
You kill the jackal!
You hit the endoplasm but do no damage. The endoplasm barely misses you.
You barely miss the endoplasm. The endoplasm closely misses you.
You hit the endoplasm but do no damage. The endoplasm barely misses you.
You completely miss the endoplasm.
The endoplasm jiggles.
The endoplasm hits you.
You hit the endoplasm.
The endoplasm is lightly wounded.
The endoplasm freezes you.
You are frozen.
You die...

#.##.##≈≈≈..
#.....#
###.##.##≈≈≈≈.
##.....##
#.......#≈PP≈.
##.......#
#..###.##≈PP≈≈
......... #..#
#.##≈≈PP≈
#....... #..#
#..#.≈≈P≈ #.....#
#..# ##.#P.≈P≈
#..$.†#######..#
#.'..≈≈≈
#...).J@.....#
###...≈≈
#...##.########.#
#♣.P.≈ ... ...#
#.# ♣.... #
..##.# .# ♣<...
... ..# .# ♣♣...
## #.# .# ♣♣..
#.# .# ##+ ... .#


You could see an endoplasm.

Vanquished Creatures
  4 jackals (D:1)
  A kobold (D:1)
5 creatures vanquished.

Vanquished Creatures (others)
  4 foxfires (D:1)
4 creatures vanquished.

Grand Total: 9 creatures vanquished

Notes
Turn   | Place    | Note
-------+----------+-------------------------------------------
     0 | D:1      | croobank the Draconian Fire Elementalist began the quest
                  | for the Orb.
     0 | D:1      | Reached XP level 1. HP: 14/14 MP: 3/3
    64 | D:1      | Frozen to death by an endoplasm

Illustrated notes

Levels and vault maps discovered:
D:1:      tarquinn_simple_flora_water_c, layout_loops_ring, minmay_liquid_box

Action                   || total
-------------------------++-------
Melee: Unarmed           ||    18
       Tailslap          ||     3
 Cast: Foxfire           ||     3
Armor: Skin              ||     6
Dodge: Dodged            ||    19

Table legend: (Time is in decaauts)
 A = Elapsed time spent in this place.
 B = Non-inter-level travel time spent in this place.
 C = Inter-level travel time spent in this place.
 D = Time resting spent in this place.
 E = Time spent auto-exploring this place.
 F = Levels seen in this place.
 G = Mean time per level.
                   A        B        C        D        E       F      G
               +--------+--------+--------+--------+--------+-----+--------+
         Total |     64 |     64 |      0 |      0 |     24 |   1 |   64.0 |
       Dungeon |     64 |     64 |      0 |      0 |     24 |   1 |   64.0 |
               +--------+--------+--------+--------+--------+-----+--------+

Top non-repeatable levels by time:
     D:1: 64 daAuts
